 Dungeon Crawl Stone Soup version 0.19-a0-1225-gf887c1c (webtiles) character file.

695 MovingMist the Skirmisher (level 7, 32/41 HPs)
             Began as a Gargoyle Fighter on Aug 25, 2016.
             Quit the game on level 4 of the Dungeon.
             The game lasted 00:15:33 (3306 turns).

MovingMist the Skirmisher (Gargoyle Fighter)        Turns: 3306, Time: 00:15:33

Health: 32/41      AC: 24    Str: 13    XL:     7   Next: 64%
Magic:  6/6        EV:  4    Int:  9    God:
Gold:   141        SH:  0    Dex:  9    Spells: 0 memorised, 6 levels left

rFire  . . .     SeeInvis .     b - -1 hand axe (curse)
rCold  . . .     Gourm    .     p - +2 plate armour
rNeg   + . .     Faith    .     (no shield)
rPois  ∞         Spirit   .     (no helmet)
rElec  +         Dismiss  .     m - +0 cloak
rCorr  .         Reflect  .     (no gloves)
MR     .....     Harm     .     y - +2 pair of boots
Stlth  ..........               (no amulet)
                                (no ring)
                                o - -6 ring of strength (curse)

@: no status effects
A: yellow scales 1, deterioration 1, frail 1, low mp 1, negative energy
resistance 1, electricity resistance, weak 1, unbreathing, petrification
resistance, rot immunity, AC +4
a: no special abilities


You were on level 4 of the Dungeon.
You were not hungry.

You visited 1 branch of the dungeon, and saw 4 of its levels.

You collected 141 gold pieces.

Inventory:

Hand Weapons
 b - a cursed -1 hand axe (weapon)
 j - a +0 mace of protection
Armour
 m - a +0 cloak (worn)
 p - a +2 plate armour (worn)
 y - a +2 pair of boots (worn)
Jewellery
 g - an uncursed amulet of regeneration
 o - a cursed -6 ring of strength (left hand)
 r - an uncursed ring of positive energy
 x - an uncursed ring of stealth {unknown}
Wands
 h - a wand of acid (8/15)
Scrolls
 l - 3 scrolls of teleportation
Potions
 d - 2 potions of might
 e - a potion of agility
 i - a potion of lignification
 q - a potion of curing
 s - 2 potions of mutation {unknown}
 t - a potion of heal wounds {unknown}
 u - 2 potions of flight {unknown}
Comestibles
 a - 4 chunks of flesh
 c - 2 slices of pizza
 f - 4 bread rations
 n - 7 fruits
 w - a meat ration


   Skills:
 + Level 6.0 Fighting
 + Level 4.8 Maces & Flails
 - Level 3.8 Armour
 + Level 3.5 Dodging
   Level 3.2 Shields


You had 6 spell levels left.
You didn't know any spells.

Dungeon Overview and Level Annotations

Branches:
Dungeon (4/15)
 Temple: D:4-7

Altars:

Shops:
D:4 *


Innate Abilities, Weirdness & Mutations

You are resistant to torment.
Your stone body is resilient. (AC +4)
You are immune to poison.
You resist negative energy. (rN+)
You are resistant to electric shocks. (rElec)
You can survive without breathing.
You are immune to petrification.
You are immune to rotting.
You are partially covered in yellow scales. (AC +2)
Your body sometimes deteriorates upon taking damage.
You are frail. (-10% HP)
Your magical capacity is low. (-10% MP)
You are weak. (Str -2)


Message History

You start eating one of the 4 mutagenic chunks of flesh.
You continue eating. x2
You finish eating.
This meat tastes really weird.
You feel frail.
You start eating one of the 3 mutagenic chunks of flesh.
You continue eating. x2
You finish eating.
This meat tastes really weird.
You feel less energetic.
You start eating one of the 2 mutagenic chunks of flesh.
You continue eating. x2
You finish eating.
This meat tastes really weird.
Yellow scales grow over part of your body.
You start eating the mutagenic chunk of flesh.
You continue eating. x2
You finish eating.
This meat tastes really weird.
Okay, then.
Sorry, you're not good enough to have a special ability.
Autopickup is now off.
Autopickup is now on.
Are you sure you want to abandon this character and quit the game? (Confirm with "yes".)

#### ##..#########
#...........##
##............##
#....≈.........#
##....≈≈....@..#
#.............#.#
##............##
##...........###
#..........### #.###### . #
#..........# ###......# .
###...###.....####........##
.
..............##...........#
#.
..............#............#
##..


There were no monsters in sight!

Vanquished Creatures
  A sky beast (D:4)
  An ogre (D:4)
  A water moccasin skeleton (D:4)
  A giant frog skeleton (D:4)
  4 orc wizards (D:4)
  Ijyb (D:2)
  2 centaur skeletons (D:4)
  Terence (D:2)
  A worker ant (D:4)
  3 gnolls (D:3)
  5 adders (D:2)
  An ooze (D:1)
  An adder skeleton (D:4)
  A worm (D:3)
  3 dart slugs (D:2)
  A giant gecko (D:2)
  19 orcs
  6 bats
  2 giant cockroaches (D:1)
  7 goblins
  2 hobgoblins (D:1)
  4 jackals
  10 kobolds
  5 quokkas
  3 ball pythons
  2 giant gecko skeletons (D:4)
  3 giant newts
  6 rats
97 creatures vanquished.

Notes
Turn   | Place    | Note
-------+----------+-------------------------------------------
     0 | D:1      | MovingMist the Gargoyle Fighter began the quest for the Orb.
     0 | D:1      | Reached XP level 1. HP: 14/14 MP: 1/1
   101 | D:1      | Reached XP level 2. HP: 17/19 MP: 2/2
   465 | D:1      | Reached XP level 3. HP: 24/24 MP: 3/3
   543 | D:2      | Noticed Terence
   549 | D:2      | Noticed Ijyb
   596 | D:2      | Killed Ijyb
   596 | D:2      | Reached skill level 4 in Fighting
   601 | D:2      | Reached skill level 1 in Dodging
   601 | D:2      | Reached XP level 4. HP: 22/29 MP: 4/4
   607 | D:2      | Killed Terence
   775 | D:2      | Reached XP level 5. HP: 34/34 MP: 5/5
  1723 | D:3      | Found a faded altar of an unknown god.
  2053 | D:4      | Reached skill level 5 in Fighting
  2053 | D:4      | Reached XP level 6. HP: 28/40 MP: 6/6
  2311 | D:4      | Reached XP level 7. HP: 17/44 MP: 7/7
  2686 | D:4      | HP: 3/67 [something/magic dart (3)]
  3019 | D:4      | Found Xuces's Assorted Antiques.
  3272 | D:4      | Reached skill level 6 in Fighting
  3291 | D:4      | Gained mutation: Your body sometimes deteriorates upon taking damage. [mutagenic meat]
  3294 | D:4      | Gained mutation: You are weak. (Str -2) [mutagenic meat]
  3297 | D:4      | Gained mutation: You are frail. (-10% HP) [mutagenic meat]
  3300 | D:4      | Gained mutation: Your magical capacity is low. (-10% MP) [mutagenic meat]
  3303 | D:4      | Gained mutation: You are partially covered in yellow scales. (AC +2) [mutagenic meat]
  3306 | D:4      | Quit the game

Vault maps used:
D:1:      lemuel_arrival_rhombus, minmay_tetromino_s4
D:2:      nrook_uturn, uniq_iyjb, uniq_terence
D:3:      ecumenical_altar_1
D:4:      first_bread, serial_shops, shop

Skill      XL: |  1  2  3  4  5  6  7 |
---------------+----------------------+-----
Fighting       | 4 5 6 |  6.0
Dodging        | 1 2 3 |  3.5
Maces & Flails | 3 4 |  4.8
Armour         | |  3.8
Shields        | |  3.2

Action                   |  1- 3 |  4- 6 |  7- 9 || total
-------------------------+-------+-------+-------++-------
Melee: Flail             |    26 |       |       ||    26
       Hand axe          |    94 |   303 |   143 ||   540
  Use: Scroll            |     2 |     6 |     1 ||     9
       Potion            |       |     1 |     5 ||     6
  Eat: Chunk             |       |     5 |    10 ||    15
Armor: Scale mail        |    36 |       |       ||    36
       Chain mail        |    23 |       |       ||    23
       Plate armour      |    98 |   392 |   192 ||   682
       Skin              |       |       |    54 ||    54
Dodge: Dodged            |    70 |   114 |    32 ||   216
